 Dungeon Crawl Stone Soup version 0.29-a0-398-ge13fd1374b (webtiles) character file.

Game seed: 4818285129467779219

67881 zishaf the Dancer (level 15, 0/90 HPs)
             Began as a Vine Stalker Brigand on May 12, 2022.
             Was a Follower of Uskayaw.
             Slain by an orc knight
             ... wielding a +3 vorpal dire flail
              (5 damage)
             ... on level 2 of the Orcish Mines.
             The game lasted 00:46:32 (20082 turns).

zishaf the Dancer (Vine Stalker Brigand)           Turns: 20082, Time: 00:46:32

Health: 0/90       AC: 15    Str: 20    XL:     15   Next: 24%
Magic:  0/27       EV: 18    Int: 11    God:    Uskayaw [*.....]
Gold:   1395       SH:  0    Dex: 20    Spells: 14/14 levels left

rFire   + . .      SeeInvis .   a - +6 spear of Responsibility {vorpal, rC+}
rCold   + + .      Faith    .   (no shield)
rNeg    . . .      Spirit   +   s - +3 ring mail
rPois   .          Reflect  .   D - +1 helmet
rElec   .          Harm     .   B - +2 cloak
rCorr   .          Rampage  .   K - +0 pair of gloves
Will    ++...                   (no boots)
Stlth   +++.......              W - amulet of Pibiy {rF+ Regen+ Slay+3}
HPRegen 1.85/turn               h - +4 ring of evasion
MPRegen 0.20/turn               G - ring of Finality {rC+ Will+ Str+3}

@: about to teleport, studying Shields
A: fangs 3, regeneration 1, magic shield, antimagic bite, no potion heal 2
a: Renounce Religion, Stomp


You were on level 2 of the Orcish Mines.
You worshipped Uskayaw.
Uskayaw was pleased with you.
You visited 4 branches of the dungeon, and saw 21 of its levels.
You also visited: Sewer and Bailey.

You collected 1512 gold pieces.
You spent 117 gold pieces at shops.

Inventory:

Hand Weapons
 a - the +6 spear of Responsibility (weapon) {vorpal, rC+}
   (You found it on level 2 of the Dungeon)

   It inflicts extra damage upon your enemies.
   rC:        It protects you from cold.
 b - a +7 hunting sling of freezing
 o - a +2 vorpal dagger
 I - a +3 scimitar
 J - a +2 short sword of draining
Missiles
 d - 32 poisoned darts (quivered)
 e - 4 curare-tipped darts
 p - 16 boomerangs
 y - 34 javelins
 O - a throwing net
Armour
 s - a +3 ring mail (worn)
 B - a +2 cloak (worn)
 D - a +1 helmet (worn)
 E - a +3 leather armour of cold resistance
 K - a +0 pair of gloves (worn)
 R - a scarf of resistance
Jewellery
 h - a +4 ring of evasion (left hand)
 l - a ring of protection from fire
 m - a ring of protection from cold
 w - a +4 ring of slaying
 G - the ring of Finality (right hand) {rC+ Will+ Str+3}
   (You found it on level 5 of the Lair of Beasts)

   [ring of willpower]

   Str:       It affects your strength (+3).
   rC:        It protects you from cold.
   Will:      It increases your willpower.
 P - a ring of poison resistance
 T - a ring of ice
 W - the amulet of Pibiy (around neck) {rF+ Regen+ Slay+3}
   (You acquired it on level 3 of the Lair of Beasts)

   [amulet of regeneration]

   Slay:      It affects your accuracy & damage with ranged weapons and melee
   (+3).
   rF:        It protects you from fire.
   Regen:     It increases your rate of health regeneration.
Wands
 t - a wand of flame (65)
 u - a wand of mindburst (22)
 M - a wand of polymorph (16)
 Y - a wand of paralysis (3)
Scrolls
 c - 3 scrolls of fear
 f - 2 scrolls of poison
 i - 7 scrolls of teleportation
 H - 5 scrolls of enchant weapon
 Q - 3 scrolls of fog
 S - a scroll of silence
 U - 3 scrolls of summoning
 V - 2 scrolls of enchant armour
 X - 2 scrolls of magic mapping
Potions
 g - a potion of ambrosia
 j - 9 potions of might
 k - 2 potions of berserk rage
 n - 5 potions of invisibility
 q - 6 potions of curing
 r - 3 potions of brilliance
 v - 2 potions of flight
 x - a potion of lignification {unknown}
 z - 4 potions of mutation {unknown}
 A - 4 potions of attraction
 C - 3 potions of resistance
 F - 2 potions of haste
 L - 2 potions of cancellation
 N - 4 potions of magic {unknown}


   Skills:
 + Level 15.3 Fighting
 - Level 3.0 Short Blades
 - Level 4.0 Polearms
 - Level 5.8(6.0) Slings
 - Level 2.0(4.1) Throwing
 - Level 5.0 Armour
 - Level 6.0 Dodging
 - Level 5.0 Stealth
 + Level 15.7 Invocations
 - Level 5.0 Evocations


You had 14 spell levels left.
You didn't know any spells.
Your spell library contained the following spells:

 Spells                   Type           Power      Damage    Failure   Level
 Animate Skeleton         Necr           0%         N/A       50%         1
 Apportation              Tloc           0%         N/A       50%         1
 Pain                     Necr           0%         1d4       50%         1
 Slow                     Hex            0%         N/A       50%         1
 Summon Small Mammal      Summ           0%         N/A       50%         1
 Scorch                   Fire           0%         2d5       65%         2
 Sublimation of Blood     Necr           0%         N/A       65%         2
 Wereblood                Tmut           0%         N/A       65%         2
 Confusing Touch          Hex            0%         N/A       86%         3
 Lesser Beckoning         Tloc           0%         N/A       86%         3
 Portal Projectile        Hex/Tloc       0%         N/A       86%         3
 Vampiric Draining        Necr           0%         2d6       86%         3
 Flame Wave               Conj/Fire      0%         2d4       99%         4
 Agony                    Necr           0%         N/A       100%        5
 Blade Hands              Tmut           0%         N/A       100%        5
 Excruciating Wounds      Necr           0%         N/A       100%        5
 Irradiate                Conj/Tmut      0%         3d13      100%        5
 Summon Forest            Summ/Tloc      0%         N/A       100%        5
 Dispersal                Tloc           0%         N/A       100%        6
 Eringya's Noxious Bog    Tmut/Pois      0%         N/A       100%        6
 Summon Cactus Giant      Summ           0%         N/A       100%        6
 Summon Hydra             Summ           0%         N/A       100%        7


Dungeon Overview and Level Annotations

Branches:
Dungeon (12/15)            Temple (1/1) D:5            Lair (6/6) D:10
 Shoals (0/4) Lair:2        Snake (0/4) Lair:4        Slime (0/5) Lair:6
    Orc (2/2) D:10            Elf (0/3) Orc:2         Sewer (visited)
 Bailey (visited)

Altars:
Cheibriados
Dithmenos
Elyvilon
Fedhas
Kikubaaqudgha
Makhleb
Okawaru
Qazlal
Ru
Sif Muna
Trog
Uskayaw
Vehumet
Xom
Yredelemnul
Jiyva

Shops:
D:3 (   Orc:2 :*(

Portals:
Trove: D:12 (give horn of Geryon)

Annotations:
Lair:2 2 transporters, exclusion: oklob plant, Ytsiazit's ghost, journeyman DsFi


Innate Abilities, Weirdness & Mutations

You have razor-sharp teeth.
Your natural rate of healing is unusually fast.
When hurt, damage is shared between your health and your magic reserves.
Your bite disrupts and absorbs the magic of your enemies.
Potions cannot restore your health.


Message History

An orc warrior comes into view. It is wielding a +0 trident.
You puncture the orc warrior!
The orc warrior is severely wounded.
The orc warrior misses you.
An orc priest comes into view. It is wielding a +0 hand axe.
The orc priest shouts!
You hit the orc warrior.
The orc warrior is almost dead.
You hear a shout!
The orc warrior hits you with a +0 short sword.
You completely miss the orc warrior. You bite the orc warrior.
You kill the orc warrior!
An orc priest comes into view. It is wielding a +0 falchion.
You hit the orc.
The orc is heavily wounded.
You can now pass through a line of other dancers.
You hit the orc knight but do no damage.
You bite the orc knight, but do no damage.
You barely miss the orc knight.
The orc knight hits you with a +3 vorpal dire flail!!
The orc warrior hits you with a +0 battleaxe!!
You hit the orc knight but do no damage.
Your bite misses the orc knight.
The orc knight hits you with a +3 vorpal dire flail!!
The orc warrior completely misses you.
The orc priest calls upon Beogh to heal the orc.
The orc's wounds heal themselves!
You are too injured to fight recklessly!
The orc knight attacks as you move away!
The orc knight hits you but does no damage.
You can no longer pass through a line of other dancers.
The orc knight attacks as you move away!
The orc knight hits you with a +3 vorpal dire flail!
* * * LOW HITPOINT WARNING * * *
x2 The orc priest looks satisfied for a moment.
As you read the scroll of teleportation, it crumbles to dust.
You feel strangely unstable.
The orc knight hits you with a +3 vorpal dire flail!!
* * * LOW HITPOINT WARNING * * *
You die...

##### ##.#.# ##..#.###
##.......## ##.........#
### #..........### #.##
####...........#
...###.#[.........#####
...##........#..@..#..#
............####oo...#
#..##........##ooo..##
...####...........o##
#.## #..#.......o.o
##.## ####....P.....o
#.#.## .....P..P...
#....######^...........
..<.....#.#....P8....P..


You could see an orc knight, 3 orc warriors, 2 orc priests and 3 orcs.

Vanquished Creatures
  Jorgrun (D:12)
  An orc warlord (Orc:2)
  2 dire elephants
  Snorg (D:12)
  Fannar (D:12)
  A boulder beetle (Lair:4)
  A merfolk avatar (Lair:6)
  6 hydras
  The ghost of jlumianski the Spear-Bearer, a journeyman DsFi of Qazlal (D:11)
  A catoblepas (Lair:5)
  2 two-headed ogres
  A death yak (Lair:5)
  A tengu warrior (D:10)
  2 orc high priests (Orc:1)
  4 sea snakes (Lair:6)
  Pikel (D:6)
  2 orc knights
  A harpy (Lair:6)
  2 wolf spiders (Lair:1)
  3 orc sorcerers (Orc:1)
  An oklob plant (Lair:6)
  A cyclops (D:12)
  4 manticores
  2 ugly things (D:11)
  2 elephants
  Joseph (D:8)
  Maurice (Orc:1)
  10 black mambas
  A torpor snail (Lair:3)
  Psyche (D:8)
  11 cane toads
  A gargoyle (D:12)
  Maggie (D:6)
  5 rime drakes
  2 unseen horrors
  8 komodo dragons
  6 trolls
  4 hornets
  4 polar bears
  A wind drake (Lair:6)
  16 blink frogs
  5 dream sheep (Lair:5)
  A snapping turtle (Lair:2)
  A vampire (D:10)
  2 shadows
  2 wraiths
  47 yaks
  10 basilisks
  7 wyverns
  5 steam dragons
  2 vampire mosquitoes (D:12)
  4 wargs (Orc:1)
  22 water moccasins
  3 black bears
  A sky beast (D:8)
  33 orc warriors
  30 wolves
  14 centaurs
  A lemure (D:6)
  4 kobold brigands
  9 necrophages
  9 bullfrogs
  3 scorpions
  5 wights (D:7)
  6 killer bees (D:11)
  2 electric eels (Lair:1)
  13 howler monkeys
  A gnoll shaman (D:8)
  A jelly (D:5)
  15 orc priests
  Crazy Yiuf (D:3)
  2 hounds
  Terence (D:3)
  3 iguanas
  29 orc wizards
  9 gnolls
  13 adders
  2 river rats (D:5)
  A shadow imp (D:7)
  2 white imps
  An ufetubus (D:5)
  2 worms
  4 dart slugs
  92 orcs
  8 ball pythons
  6 endoplasms
  5 giant cockroaches
  13 goblins
  2 hobgoblins
  6 quokkas
  6 bats
  5 frilled lizards
  19 kobolds
  11 rats
619 creatures vanquished.

Vanquished Creatures (others)
  40 fungi
  54 plants
94 creatures vanquished.

Grand Total: 713 creatures vanquished

Notes
Turn   | Place    | Note
-------+----------+-------------------------------------------
     0 | D:1      | zishaf the Vine Stalker Brigand began the quest for the
                  | Orb.
     0 | D:1      | Reached XP level 1. HP: 11/11 MP: 2/2
   183 | D:1      | Reached skill level 5 in Stealth
   183 | D:1      | Reached XP level 2. HP: 15/15 MP: 3/3
   294 | D:1      | Found a faded altar of an unknown god.
   631 | D:1      | Reached XP level 3. HP: 19/19 MP: 4/4
  1114 | D:2      | Identified the +6 spear of Responsibility {vorpal, rC+}
  1157 | D:2      | Gained mutation: Your natural rate of healing is unusually
                  | fast. [Vine Stalker growth]
  1157 | D:2      | Reached XP level 4. HP: 23/23 MP: 5/5
  1591 | D:3      | Found Peosouse's Antique Weapon Boutique.
  1592 | D:3      | Noticed a necrophage
  1597 | D:3      | Killed a necrophage
  1598 | D:3      | Reached skill level 1 in Evocations
  1598 | D:3      | Reached XP level 5. HP: 28/28 MP: 6/6
  1622 | D:3      | Bought a runed hunting sling for 117 gold pieces
  1678 | D:3      | Noticed Terence
  1687 | D:3      | Killed Terence
  1731 | D:3      | Reached XP level 6. HP: 29/33 MP: 3/7
  1871 | D:3      | Found a runed translucent door.
  1872 | D:3      | Noticed Crazy Yiuf
  2311 | D:3      | Killed Crazy Yiuf
  2454 | D:4      | Noticed a water moccasin
  2465 | D:4      | Killed a water moccasin
  2466 | D:4      | Reached skill level 1 in Slings
  2548 | D:4      | Reached XP level 7. HP: 38/38 MP: 8/8
  2730 | D:4      | Found a shimmering blue altar of Sif Muna.
  2802 | D:4      | Found a blossoming altar of Fedhas.
  2904 | D:5      | Entered Level 5 of the Dungeon
  3006 | D:5      | Found a glowing drain.
  3010 | Sewer    | Entered a sewer
  3154 | Sewer    | Reached skill level 5 in Fighting
  3371 | D:5      | Found a burning altar of Makhleb.
  3373 | D:5      | Noticed a balrug
  3458 | D:5      | Gained mutation: You have razor-sharp teeth. [Vine Stalker
                  | growth]
  3458 | D:5      | Reached XP level 8. HP: 44/44 MP: 9/9
  3822 | D:5      | Found a staircase to the Ecumenical Temple.
  3834 | Temple   | Entered the Ecumenical Temple
  3848 | Temple   | Became a worshipper of Uskayaw the Reveller
  4082 | D:6      | Reached * piety under Uskayaw
  4086 | D:6      | Reached ** piety under Uskayaw
  4230 | D:6      | Reached skill level 1 in Invocations
  4251 | D:6      | Reached *** piety under Uskayaw
  4299 | D:6      | Noticed Maggie
  4314 | D:6      | Killed Maggie
  4314 | D:6      | Reached **** piety under Uskayaw
  4357 | D:6      | Noticed Pikel
  4367 | D:6      | Killed Pikel
  4367 | D:6      | Reached ***** piety under Uskayaw
  4368 | D:6      | Reached skill level 5 in Evocations
  4368 | D:6      | Reached XP level 9. HP: 27/49 MP: 5/13
  4761 | D:7      | Found a radiant altar of Vehumet.
  4766 | D:7      | Reached skill level 5 in Invocations
  5564 | D:8      | Found a shimmering altar of Xom.
  5569 | D:8      | Found a shimmering altar of Xom.
  5569 | D:8      | Found a shimmering altar of Xom.
  5570 | D:8      | Found a shimmering altar of Xom.
  5570 | D:8      | Found a shimmering altar of Xom.
  5578 | D:8      | Found a shimmering altar of Xom.
  5578 | D:8      | Found a shimmering altar of Xom.
  5581 | D:8      | Noticed a hornet
  5587 | D:8      | Killed a hornet
  5588 | D:8      | Reached XP level 10. HP: 52/56 MP: 14/16
  5619 | D:8      | Found a flagged portal.
  5632 | Bailey   | Entered a bailey
  6057 | Bailey   | Reached ****** piety under Uskayaw
  6589 | D:8      | Noticed Joseph
  6730 | D:8      | Killed Joseph
  6879 | D:8      | Noticed Psyche
  6885 | D:8      | Killed Psyche
  7269 | D:9      | Reached skill level 10 in Fighting
  7269 | D:9      | Reached XP level 11. HP: 47/63 MP: 18/18
  7312 | D:9      | Noticed a manticore
  7318 | D:9      | Killed a manticore
  7372 | D:9      | Noticed a two-headed ogre
  7381 | D:9      | Killed a two-headed ogre
  7382 | D:9      | Reached skill level 5 in Slings
  8036 | D:10     | Entered Level 10 of the Dungeon
  8065 | D:10     | Noticed a tengu warrior
  8233 | D:10     | Killed a tengu warrior
  8234 | D:10     | Reached skill level 1 in Dodging
  8234 | D:10     | Reached skill level 10 in Invocations
  8342 | D:10     | Reached skill level 1 in Armour
  8376 | D:10     | Found a shadowy altar of Dithmenos.
  8642 | D:10     | Found a staircase to the Lair.
  9154 | D:10     | Found a staircase to the Orcish Mines.
  9505 | D:11     | Noticed a purple ugly thing
  9511 | D:11     | Killed a purple ugly thing
  9767 | D:11     | Found a large runed translucent door.
  9767 | D:11     | Found a large runed translucent door.
  9767 | D:11     | Noticed a purple ugly thing
  9778 | D:11     | Killed a purple ugly thing
  9779 | D:11     | Paralysed by a hornet for 1 turns
  9781 | D:11     | Reached XP level 12. HP: 54/70 MP: 16/20
  9823 | D:11     | Noticed jlumianski's ghost (journeyman DsFi)
 10511 | D:11     | Killed jlumianski's ghost
 10605 | D:12     | Noticed Jorgrun
 10733 | D:12     | Found a portal to a secret trove of treasure.
 10801 | D:12     | HP: 1/70 [constriction (8)]
 10809 | D:12     | Killed Jorgrun
 11207 | D:12     | Noticed a two-headed ogre
 11213 | D:12     | Killed a two-headed ogre
 11320 | D:12     | Noticed Snorg
 11339 | D:12     | Killed Snorg
 11573 | D:12     | Noticed Fannar
 11641 | D:12     | Killed Fannar
 11729 | D:12     | Noticed a six-headed hydra
 11737 | D:12     | Killed a six-headed hydra
 12128 | Lair:1   | Entered Level 1 of the Lair of Beasts
 12139 | Lair:1   | Reached skill level 5 in Dodging
 12422 | Lair:1   | Noticed a five-headed hydra
 12433 | Lair:1   | Killed a five-headed hydra
 12434 | Lair:1   | Reached skill level 5 in Armour
 12493 | Lair:1   | Reached XP level 13. HP: 39/74 MP: 22/22
 12659 | Lair:1   | Reached skill level 1 in Polearms
 13310 | Lair:2   | Noticed Ytsiazit's ghost (journeyman DsFi)
 13340 | Lair:2   | Found a transporter.
 13356 | Lair:2   | Found a transporter.
 13664 | Lair:2   | Found a staircase to the Shoals.
 13920 | Lair:3   | Identified a scroll of acquirement
 13920 | Lair:3   | Acquired the amulet of Pibiy {rF+ Regen+ Slay+3}
 15026 | Lair:4   | Found a staircase to the Snake Pit.
 15216 | Lair:4   | Found a snail-covered altar of Cheibriados.
 15805 | Lair:5   | You fall into a shaft and drop 1 floor!
 15805 | Lair:6   | Entered Level 6 of the Lair of Beasts
 15809 | Lair:6   | Found a viscous altar of Jiyva.
 15809 | Lair:6   | Found a staircase to the Slime Pits.
 16097 | Lair:5   | Reached XP level 14. HP: 67/82 MP: 18/24
 16624 | Lair:5   | Noticed a dire elephant
 16648 | Lair:5   | Killed a dire elephant
 16702 | Lair:5   | Identified the ring of Finality {rC+ Will+ Str+3}
 17000 | Lair:5   | Found the +8 whip "Snakebite" {venom, curare, rPois}
 17281 | Lair:6   | Paralysed by a hornet for 2 turns
 17896 | Lair:6   | Reached skill level 15 in Invocations
 18053 | Lair:6   | Noticed a dire elephant
 18077 | Lair:6   | Killed a dire elephant
 18350 | Lair:6   | Got Sif Muna's Almanac of Transmigration and Orientation
 18363 | Lair:6   | Identified the +4 trident of Geag Ymogg {venom, Dex+5}
 18781 | Orc:1    | Entered Level 1 of the Orcish Mines
 18800 | D:10     | Reached XP level 15. HP: 14/88 MP: 4/27
 19093 | Orc:2    | Entered Level 2 of the Orcish Mines
 19093 | Orc:2    | Found Decryo's General Store.
 19100 | Orc:2    | Noticed Maurice
 19111 | Orc:1    | Reached skill level 15 in Fighting
 19440 | Orc:2    | Noticed an orc warlord
 19505 | Orc:1    | Killed Maurice
 19960 | Orc:2    | Killed an orc warlord
 19992 | Orc:2    | Found Ogid's Book Shoppe.
 20018 | Orc:2    | Found a staircase to the Elven Halls.
 20070 | Orc:2    | Found Neysirgh's Antique Weapon Shoppe.
 20082 | Orc:2    | Slain by an orc knight

Illustrated notes

Levels and vault maps discovered:
D:1:      kennysheep_arrival_forest, layout_basic,
          nicolae_ecumenical_lake_church, minmay_misc_feat_roman
D:2:      layout_rooms, minmay_goblin_kobold_house
D:3:      layout_loops_ring, serial_shops, shop_fountains,
          uniq_crazy_yiuf_cottage, uniq_terence
D:4:      layout_rooms, kennysheep_little_box, lemuel_tele_altar, serial_glass,
          glass_columns_c, glass_columns_c
D:5:      layout_basic, makhleb_altar_promises_db, temple_green,
          gup_sewer_entry_spiral, serial_bayou, serial_bayou_shore_a,
          serial_bayou_crossing, serial_bayou_ford_a, serial_bayou_pond_c,
          serial_bayou_lagoon_a
D:6:      nicolae_BIG_FREAKIN_CUBE, layout_rooms, st_stairs_7,
          minmay_misc_feat_x, chequers_serial_rivers_micro_d,
          grunt_ministairs_10, uniq_pikel, uniq_maggie
D:7:      layout_cave_pods, nicolae_vehumet_radiance
D:8:      layout_rooms, nicolae_xom_altar_mimics, enter_bailey_3, uniq_joseph,
          uniq_psyche
D:9:      layout_loops_corners
D:10:     layout_basic, mainiacjoe_overflow_boulevard, david_lair_generic,
          david_orc_4
D:11:     layout_stronghold, ebering_ghost_disaster_area
D:12:     layout_stronghold, nicolae_trove_entry_crystal, uniq_jorgrun,
          uniq_snorg, uniq_fannar
Temple:   eino_temple_rhombus
Lair:1:   layout_chaotic_city, nicolae_lair_run_with_the_wolves
Lair:2:   layout_roguey, minmay_shoals_entry_hut, nzn_ghost_randoct,
          grunt_forest_small_clearing_treed
Lair:3:   layout_regular_city
Lair:4:   layout_loops_ring, minmay_snake_entry_six_corridors, basic_altar,
          infiniplex_staircase_pool_2
Lair:5:   nzn_winding_woodlands_huge [nzn_winding_woodlands_5x15_concentric,
          nzn_winding_woodlands_5x15_pockets, nzn_winding_woodlands_5x15_zeroes,
          nzn_winding_woodlands_5x15_sawtooth, nzn_winding_woodlands_5x15_pool,
          nzn_winding_woodlands_5x15_twine, nzn_winding_woodlands_5x15_default,
          nzn_winding_woodlands_5x15_parted,
          nzn_winding_woodlands_5x15_longhouse,
          nzn_winding_woodlands_5x15_pathside_ponds,
          nzn_winding_woodlands_center_diamonds,
          nzn_winding_woodlands_center_triple_pond,
          nzn_winding_woodlands_15x15_eel_pit], layout_loops_ring,
          roderic_carrion_pond
Lair:6:   gammafunk_lair_ancient_temple, layout_regular_city, slime_altar_1
Orc:1:    layout_diamond_mine
Orc:2:    grunt_orc_gardens, layout_diamond_mine, grunt_orc_garden,
          grunt_orc_garden, grunt_orc_garden, grunt_orc_garden,
          nicolae_shop_firing_range, uniq_maurice

Skill      XL: |  1  2  3  4  5  6  7  8  9 10 11 12 13 14 15 |
---------------+----------------------------------------------+-----
Throwing       | 2 |  2.0
Stealth        | 5 |  5.0
Fighting       | 2 3 4 5 6 8 10 11 13 14 15 | 15.3
Short Blades   | 2 3 |  3.0
Evocations     | 1 2 3 4 5 |  5.0
Slings         | 1 3 4 5 |  5.8
Invocations    | 4 7 9 10 11 13 15 | 15.7
Dodging        | 3 5 6 |  6.0
Armour         | 2 5 |  5.0
Polearms       | 4 |  4.0

Action                   |  1- 3 |  4- 6 |  7- 9 | 10-12 | 13-15 || total
-------------------------+-------+-------+-------+-------+-------++-------
Melee: Dagger            |    61 |       |       |       |       ||    61
       Bite              |    14 |    12 |    10 |   127 |   315 ||   478
       Spear             |     6 |    49 |    38 |   348 |   792 ||  1233
       Punch             |     1 |       |     1 |     2 |    15 ||    19
 Fire: Hunting sling     |       |    36 |   209 |   329 |   313 ||   887
Invok: Stomp             |       |       |       |     3 |     4 ||     7
       Grand Finale      |       |       |       |       |     2 ||     2
Evoke: Wand              |       |       |       |     2 |     6 ||     8
  Use: Scroll            |       |     6 |    11 |    11 |     8 ||    36
       Potion            |       |       |       |     1 |     2 ||     3
 Stab: Sleeping          |     7 |     7 |       |     1 |     6 ||    21
       Paralysed         |       |       |     4 |    39 |    75 ||   118
       Petrified         |       |       |       |       |    11 ||    11
       Distracted        |       |       |       |       |     1 ||     1
Armor: Robe              |     6 |       |       |       |       ||     6
       Leather armour    |     3 |       |    12 |    12 |       ||    27
       Ring mail         |       |     7 |    12 |   182 |   243 ||   444
Dodge: Dodged            |    28 |    21 |    60 |   323 |   656 ||  1088

Table legend: (Time is in decaauts)
 A = Elapsed time spent in this place.
 B = Non-inter-level travel time spent in this place.
 C = Inter-level travel time spent in this place.
 D = Time resting spent in this place.
 E = Time spent auto-exploring this place.
 F = Levels seen in this place.
 G = Mean time per level.
                   A        B        C        D        E       F      G
               +--------+--------+--------+--------+--------+-----+--------+
         Total |  20538 |  19694 |    844 |   1568 |  13087 |  23 |  893.0 |
       Dungeon |  11410 |  10789 |    621 |    531 |   7909 |  12 |  950.8 |
        Temple |     24 |     17 |      7 |      0 |      3 |   1 |   24.0 |
          Lair |   6658 |   6460 |    198 |    376 |   4246 |   6 | 1109.7 |
  Orcish Mines |   1164 |   1147 |     17 |    661 |    121 |   2 |  582.0 |
         Sewer |    345 |    345 |      0 |      0 |    230 |   1 |  345.0 |
        Bailey |    936 |    936 |      0 |      0 |    577 |   1 |  936.0 |
               +--------+--------+--------+--------+--------+-----+--------+

Top non-repeatable levels by time:
    D:10: 1677 daAuts
  Lair:5: 1640 daAuts
  Lair:6: 1523 daAuts
    D:12: 1363 daAuts
    D:11: 1316 daAuts
  Lair:1: 1007 daAuts
   Orc:1: 1005 daAuts
     D:3: 985 daAuts
     D:1: 956 daAuts
     D:7: 942 daAuts
  Bailey: 936 daAuts
     D:5: 935 daAuts
     D:9: 891 daAuts
  Lair:3: 881 daAuts
  Lair:2: 807 daAuts
